 Dungeon Crawl Stone Soup version 0.20.1-1-g8b1a95d (webtiles) character file.

21315 Ulfhedinn the Slicer (level 13, 0/86 HPs)
             Began as a Halfling Berserker on Sept 17, 2017.
             Was an Elder of Trog.
             Slain by a wolf (10 damage)
             ... on level 4 of the Lair of Beasts.
             The game lasted 01:48:04 (11843 turns).

Ulfhedinn the Slicer (Halfling Berserker)          Turns: 11843, Time: 01:48:04

Health: 0/86       AC: 11    Str: 19    XL:     13   Next: 19%
Magic:  13/13      EV: 26    Int:  8    God:    Trog [****..]
Gold:   440        SH:  0    Dex: 18    Spells: 12/12 levels left

rFire    . . .     SeeInvis .   a - +9 dagger
rCold    . . .     Gourm    .   (shield restricted)
rNeg     . . .     Faith    +   D - +1 ring mail {MR+}
rPois    +         Spirit   .   p - +1 hat {Int+3}
rElec    +         Reflect  .   (no cloak)
rCorr    .         Harm     .   B - +0 pair of gloves
MR       +++..                  e - +0 pair of boots
Stlth    ++++......             o - amulet of faith
Regen    1.3/turn               P - ring of poison resistance
MPRegen  0.2/turn               G - +6 ring of evasion

@: barbed spikes, berserk cooldown, regenerating, slowed, very slow
A: hooves 1, mutation resistance 1, electricity resistance
a: Berserk, Trog's Hand, Brothers in Arms, Burn Spellbooks, Renounce Religion


You were on level 4 of the Lair of Beasts.
You worshipped Trog.
Trog was greatly pleased with you.
You were not hungry.

You visited 2 branches of the dungeon, and saw 15 of its levels.

You collected 800 gold pieces.
You spent 360 gold pieces at shops.

Inventory:

Hand Weapons
 a - a +9 dagger (weapon)
 b - a +0 hunting sling
 y - a +4 dagger of flaming
 U - the +4 mace "Karel" {crush, rN+ MR+}
   (You found it on level 7 of the Dungeon)

   It inflicts extra damage upon your enemies.
   It protects you from negative energy.
   It affects your resistance to hostile enchantments.
Missiles
 m - 113 sling bullets
 n - 2 tomahawks of returning (quivered)
 I - 5 tomahawks
Armour
 c - a +1 chain mail of cold resistance
 e - a +0 pair of boots (worn)
 f - the +2 robe of Curiosity {rElec}
   (You found it on level 3 of the Lair of Beasts)

   It insulates you from electricity.
 p - a +1 hat of intelligence (worn)
 B - a +0 pair of gloves (worn)
 D - a +1 ring mail of magic resistance (worn)
Jewellery
 o - an amulet of faith (around neck)
 u - an uncursed ring of protection from magic
 F - an uncursed ring of stealth
 G - a +6 ring of evasion (right hand)
 J - a +2 ring of evasion
 K - an uncursed ring of see invisible
 M - an uncursed ring of protection from cold
 P - a ring of poison resistance (left hand)
 Z - a +3 ring of dexterity
Wands
 q - a wand of polymorph (7/24)
 C - a wand of confusion (39/48)
 O - a wand of iceblast (0/15)
Scrolls
 d - 2 scrolls of teleportation
 i - a scroll of silence {unknown}
 k - a scroll of vulnerability {unknown}
 l - 6 scrolls of remove curse
 r - a scroll of magic mapping
 x - a scroll of random uselessness {unknown}
 H - a scroll of recharging
 R - a scroll of immolation {unknown}
 V - a scroll of identify
 W - a scroll of brand weapon {unknown}
 X - a scroll of holy word {unknown}
 Y - a scroll of enchant armour
Potions
 g - 3 potions of ambrosia
 h - 6 potions of curing
 j - 3 potions of flight {unknown}
 t - 3 potions of lignification
 v - 5 potions of haste
 w - 3 potions of might
 z - a potion of degeneration {unknown}
 A - a potion of resistance {unknown}
 E - 2 potions of agility {unknown}
 L - 3 potions of heal wounds {unknown}
 N - a potion of cancellation {unknown}
Miscellaneous
 Q - a sack of spiders
Comestibles
 s - 2 meat rations
 S - 6 royal jellies
 T - 12 fruits


   Skills:
 + Level 7.3 Fighting
 * Level 12.3 Short Blades
 - Level 5.5 Maces & Flails
 * Level 9.5(10.4) Slings
 + Level 4.8(6.4) Throwing
 + Level 9.2 Armour
 + Level 9.0 Dodging
 * Level 8.9 Stealth
 + Level 1.0 Evocations


You had 12 spell levels left.
You didn't know any spells.

Dungeon Overview and Level Annotations

Branches:
Dungeon (11/15)            Temple (0/1) D:5            Lair (4/6) D:11
 Shoals (0/4) Lair:2
  Snake: Lair:2-4    Spider: Lair:2-4       Orc: D:9-12

Altars:
Ashenzari
Cheibriados
Fedhas
Gozag
Hepliaklqana
Kikubaaqudgha
Okawaru
Ru
Yredelemnul
The Shining One

Shops:
D:9 [   D:10 !*(

Annotations:
Lair:3 exclusion: 3 oklob plants


Innate Abilities, Weirdness & Mutations

You are small and have problems with some larger weapons.
You are somewhat resistant to further mutation.
You have large cloven feet.
You are resistant to electric shocks. (rElec)


Message History

You perforate the wolf like a sieve!!!!
You kill the wolf!
Trog accepts your kill.
Your Dodging skill increases to level 9!
The wolf howls! x2
The wolf completely misses you.
You puncture the wolf!
The wolf is severely wounded.
The ice encasing you melts away. The wolf misses you.
The wolf closely misses you. The wolf completely misses you.
You puncture the wolf!
You kill the wolf!
Trog accepts your kill. The wolf misses you. The wolf bites you!
* * * LOW HITPOINT WARNING * * *
The wolf completely misses you. The wolf closely misses you.
Your two-headed ogre goes berserk!
The wolf bites you!
You die...

.... ##
##..#####.#
#........#
##.......<#
#.........+.
#...........
###.hh.O...#.
#...h@......#
###.........#
#........##
###+#.P#.#
### #


You could see 3 wolves and a friendly two-headed ogre (berserk).

Vanquished Creatures
  2 hydras (Lair:2)
  2 two-headed ogres
  Nergalle (Lair:1)
  An ugly thing (D:11)
  A black mamba (Lair:2)
  9 spiny frogs
  A gargoyle (Lair:1)
  A rime drake (Lair:4)
  3 komodo dragons
  A polar bear (Lair:3)
  11 hippogriffs
  4 wyverns
  11 yaks
  A spriggan (Lair:3)
  4 hogs (D:7)
  3 hungry ghosts
  A human (D:7)
  4 basilisks
  7 water moccasins
  4 porcupines
  A black bear (Lair:3)
  3 ice beasts
  4 orc warriors
  A sky beast (D:10)
  2 ogres (D:7)
  A phantom (D:10)
  4 wolves
  3 necrophages
  10 centaurs
  6 crocodiles
  7 bullfrogs
  A wyvern skeleton (D:6)
  3 scorpions
  A water moccasin skeleton (D:5)
  17 wights
  9 howler monkeys
  6 crimson imps
  A bullfrog zombie (D:6)
  3 jellies
  13 orc wizards
  7 hounds
  4 orc priests
  3 bullfrog skeletons
  2 iguanas (D:5)
  Terence (D:2)
  7 worker ants
  2 hound skeletons
  2 worker ant zombies
  5 gnolls
  10 adders
  A shadow imp (D:10)
  An ooze (D:4)
  4 adder skeletons
  2 worms
  2 dart slugs
  4 leopard geckos
  32 orcs
  A ball python (D:1)
  3 bats (D:1)
  8 giant cockroaches
  5 hobgoblins
  21 jackals
  6 kobolds
  3 quokkas
  8 frilled lizards
  3 goblins
  A quokka skeleton (D:5)
  A quokka zombie (D:8)
  7 rats
324 creatures vanquished.

Vanquished Creatures (others)
  A fungus (Lair:2)
  5 plants
6 creatures vanquished.

Grand Total: 330 creatures vanquished

Notes
Turn   | Place    | Note
-------+----------+-------------------------------------------
     0 | D:1      | Ulfhedinn the Halfling Berserker began the quest for the Orb.
     0 | D:1      | Reached XP level 1. HP: 15/15 MP: 1/1
   172 | D:1      | Reached XP level 2. HP: 18/20 MP: 2/2
   396 | D:1      | Reached XP level 3. HP: 20/25 MP: 3/3
   408 | D:1      | Reached skill level 1 in Short Blades
   486 | D:1      | Reached ** piety under Trog
   738 | D:2      | Found a shattered altar of Ashenzari.
   759 | D:2      | Noticed Terence
   769 | D:2      | Killed Terence
   769 | D:2      | Reached XP level 4. HP: 31/31 MP: 4/4
  1048 | D:2      | Reached skill level 2 in Short Blades
  1150 | D:2      | Reached XP level 5. HP: 29/36 MP: 5/5
  1214 | D:2      | Reached skill level 1 in Stealth
  1584 | D:3      | Found an ancient bone altar of Kikubaaqudgha.
  1588 | D:3      | Found a glowing golden altar of the Shining One.
  1590 | D:3      | Found a hazy altar of Hepliaklqana.
  1590 | D:3      | Found a basalt altar of Yredelemnul.
  1592 | D:3      | Found an opulent altar of Gozag.
  1593 | D:3      | Found a sacrificial altar of Ru.
  1594 | D:3      | Found a blossoming altar of Fedhas.
  1931 | D:4      | Gained mutation: You expend magic power (3 MP) to strengthen your wands. [potion of mutation]
  1932 | D:4      | Lost mutation: You expend magic power (3 MP) to strengthen your wands. [potion of mutation]
  1932 | D:4      | Gained mutation: You have large cloven feet. [potion of mutation]
  1932 | D:4      | Gained mutation: You are resistant to electric shocks. (rElec) [potion of mutation]
  2218 | D:4      | Reached skill level 3 in Short Blades
  2222 | D:4      | Reached XP level 6. HP: 42/42 MP: 6/6
  2414 | D:4      | Reached skill level 4 in Short Blades
  2491 | D:5      | Entered Level 5 of the Dungeon
  2534 | D:5      | Reached skill level 1 in Throwing
  2542 | D:5      | Reached XP level 7. HP: 33/46 MP: 7/7
  2559 | D:5      | Reached *** piety under Trog
  2754 | D:5      | Noticed a yak
  3059 | D:5      | Reached skill level 5 in Short Blades
  3108 | D:5      | Found a staircase to the Ecumenical Temple.
  3166 | D:5      | Found a snail-covered altar of Cheibriados.
  3288 | D:5      | Reached XP level 8. HP: 47/52 MP: 8/8
  3340 | D:5      | Reached skill level 6 in Short Blades
  3407 | D:5      | Reached skill level 5 in Dodging
  3878 | D:6      | Reached skill level 7 in Short Blades
  4080 | D:6      | Reached skill level 1 in Slings
  4868 | D:6      | You fall through a shaft for 2 floors!
  4938 | D:8      | HP: 2/54 [orc warrior/battleaxe (23)]
  4980 | D:8      | Reached XP level 9. HP: 14/58 MP: 9/9
  5022 | D:8      | Reached **** piety under Trog
  5022 | D:8      | Reached skill level 8 in Short Blades
  5203 | D:8      | Reached skill level 9 in Short Blades
  5242 | D:8      | Noticed a two-headed ogre
  5305 | D:7      | Got a transparent mace
  5320 | D:7      | Identified the +4 mace "Karel" {crush, rN+ MR+} (You found it on level 7 of the Dungeon)
  5342 | D:7      | Found an iron altar of Okawaru.
  5613 | D:7      | Reached skill level 5 in Armour
  5674 | D:7      | Reached XP level 10. HP: 65/65 MP: 10/10
  5680 | D:7      | Reached skill level 5 in Slings
  5735 | D:7      | Received a gift from Trog
  6431 | D:8      | Received a gift from Trog
  6446 | D:8      | Killed a two-headed ogre
  6446 | D:8      | Reached skill level 5 in Maces & Flails
  6875 | D:9      | Reached skill level 5 in Stealth
  6979 | D:9      | Reached skill level 5 in Fighting
  7238 | D:9      | Found Yphic's Antique Armour Emporium.
  7243 | D:9      | Bought a shiny chain mail for 240 gold pieces
  7283 | D:9      | Reached XP level 11. HP: 71/71 MP: 11/11
  7515 | D:10     | Entered Level 10 of the Dungeon
  7515 | D:10     | Found Textata's Distillery.
  7523 | D:10     | Reached skill level 10 in Short Blades
  7552 | D:10     | Found Zoskoll's General Store.
  7561 | D:10     | Bought a scroll of enchant armour for 120 gold pieces
  7564 | D:10     | Noticed a two-headed ogre
  7733 | D:10     | Found an opulent altar of Gozag.
  7983 | D:10     | Killed a two-headed ogre
  7983 | D:10     | Received a gift from Trog
  8053 | D:10     | Found Qiem's Antique Weapon Shoppe.
  8376 | D:10     | Received a gift from Trog
  8511 | D:11     | Noticed a green ugly thing
  8518 | D:11     | Noticed a purple ugly thing
  8535 | D:11     | Killed a purple ugly thing
  8567 | D:11     | Found a staircase to the Lair.
  8597 | D:11     | Noticed a two-headed ogre
  8612 | Lair:1   | Entered Level 1 of the Lair of Beasts
  8760 | Lair:1   | Noticed Nergalle
  8773 | Lair:1   | Killed Nergalle
  8773 | Lair:1   | Reached skill level 11 in Short Blades
  9020 | Lair:1   | Reached XP level 12. HP: 62/79 MP: 12/12
  9191 | Lair:2   | Noticed a six-headed hydra
  9351 | Lair:2   | Found a staircase to the Shoals.
  9763 | Lair:2   | Noticed a six-headed hydra
  9791 | Lair:2   | Killed a six-headed hydra
 10046 | Lair:2   | Killed a six-headed hydra
 10692 | Lair:3   | Received a gift from Trog
 10739 | Lair:3   | Reached skill level 12 in Short Blades
 11147 | Lair:3   | Reached skill level 1 in Evocations
 11252 | Lair:3   | Got a smoking robe
 11263 | Lair:3   | Identified the +2 robe of Curiosity {rElec} (You found it on level 3 of the Lair of Beasts)
 11371 | Lair:3   | Received a gift from Trog
 11371 | Lair:3   | Reached XP level 13. HP: 85/85 MP: 13/13
 11800 | Lair:4   | Reached ***** piety under Trog
 11826 | Lair:4   | Received a gift from Trog
 11843 | Lair:4   | Slain by a wolf

Skill      XL: |  1  2  3  4  5  6  7  8  9 10 11 12 13 |
---------------+----------------------------------------+-----
Maces & Flails | 3 5 |  5.5
Short Blades   | 1 2 3 4 5 7 9 11 12 | 12.3
Fighting       | 3 4 5 6 7 |  7.3
Stealth        | 1 3 5 6 8 |  8.9
Dodging        | 3 4 5 7 8 9 |  9.0
Armour         | 3 4 5 7 9 |  9.2
Throwing       | 1 2 3 4 |  4.8
Slings         | 2 4 6 7 8 9 |  9.5
Evocations     | 1 |  1.0

Action                   |  1- 3 |  4- 6 |  7- 9 | 10-12 | 13-15 || total
-------------------------+-------+-------+-------+-------+-------++-------
Melee: Mace              |    31 |       |    37 |    39 |       ||   107
       Short sword       |    53 |   169 |   346 |       |       ||   568
       Kick              |       |    29 |   148 |   305 |       ||   482
       Dagger            |       |       |    25 |   681 |    85 ||   791
 Fire: Hunting sling     |       |       |    21 |    43 |    18 ||    82
Throw: Stone             |       |    13 |    19 |     7 |       ||    39
       Tomahawk          |       |       |     9 |    32 |       ||    41
Invok: Berserk           |     3 |     4 |     5 |    11 |     1 ||    24
       Trog's Hand       |       |     1 |     7 |    19 |     2 ||    29
       Burn Spellbooks   |       |       |     1 |     1 |       ||     2
       Brothers in Arms  |       |       |       |       |     2 ||     2
Evoke: Wand              |       |     1 |       |     3 |       ||     4
  Use: Scroll            |     1 |     8 |     8 |    15 |     1 ||    33
       Potion            |       |     2 |     1 |     1 |     1 ||     5
 Stab: Sleeping          |     2 |     1 |       |     1 |     1 ||     5
  Eat: Bread ration      |     1 |     1 |     2 |     6 |       ||    10
       Chunk             |       |     2 |     9 |       |       ||    11
       Royal jelly       |       |       |     2 |       |       ||     2
       Meat ration       |       |       |     1 |     4 |       ||     5
       Fruit             |       |       |       |       |     1 ||     1
Armor: Animal skin       |    11 |       |       |       |       ||    11
       Ring mail         |       |    34 |    65 |    22 |     4 ||   125
       Chain mail        |       |       |       |    93 |       ||    93
Dodge: Dodged            |    55 |   101 |   296 |   479 |    72 ||  1003
